 Dungeon Crawl Stone Soup version 0.29-a0-520-gc852659d43 (webtiles) character file.

Game seed: 15852594554137863261

144 bande the Covered (level 5, -5/33 HPs)
             Began as a Gargoyle Fighter on May 31, 2022.
             Slain by a black bear (6 damage)
             ... on level 4 of the Dungeon.
             The game lasted 00:03:38 (2429 turns).

bande the Covered (Gargoyle Fighter)                Turns: 2429, Time: 00:03:38

Health: -5/33      AC: 21    Str: 19    XL:     5   Next: 27%
Magic:  0/14       EV:  5    Int:  9    God:
Gold:   125        SH:  4    Dex: 11    Spells: 4/4 levels left

rFire   . . .      SeeInvis .   a - +0 war axe (flame)
rCold   . . .      Faith    .   c - +0 buckler
rNeg    + . .      Spirit   +   l - +0 plate armour
rPois   ∞          Reflect  .   (no helmet)
rElec   +          Harm     .   (no cloak)
rCorr   .          Rampage  .   (no gloves)
Will    .....                   i - +0 pair of boots
Stlth   ..........              f - amulet of guardian spirit
HPRegen 0.11/turn               g - ring of magical power
MPRegen 0.14/turn               p - +4 ring of protection

@: mighty, about to teleport, weak-willed
A: sickness immunity, AC +4, negative energy resistance 1, electricity
resistance, torment resistance 1, petrification resistance
a: no special abilities


You were on level 4 of the Dungeon.
You visited 1 branch of the dungeon, and saw 4 of its levels.

You collected 125 gold pieces.

Inventory:

Hand Weapons
 a - a +0 war axe of flaming (weapon)
Armour
 c - a +0 buckler (worn)
 i - a +0 pair of boots (worn)
 l - a +0 plate armour (worn)
Jewellery
 f - an amulet of guardian spirit (around neck)
 g - a ring of magical power (left hand)
 o - an amulet of reflection
 p - a +4 ring of protection (right hand)
Potions
 b - 2 potions of curing
 e - a potion of attraction {unknown}
 h - 2 potions of resistance
 j - 4 potions of ambrosia {unknown}
 m - 2 potions of brilliance {unknown}


   Skills:
 + Level 4.0 Fighting
 + Level 3.4 Axes
 + Level 4.3 Armour
 + Level 3.8 Shields


You had 4 spell levels left.
You didn't know any spells.
Your spell library contained the following spells:

 Spells                   Type           Power      Damage    Failure   Level
 Apportation              Tloc           0%         N/A       100%        1
 Shock                    Conj/Air       0%         1d3       100%        1
 Swiftness                Air            0%         N/A       100%        3
 Airstrike                Air            0%         N/A       100%        4
 Alistair's Intoxication  Tmut/Pois      0%         N/A       100%        5


Dungeon Overview and Level Annotations

Branches:
Dungeon (4/15)
 Temple: D:4-7

Altars:
Fedhas
Trog


Innate Abilities, Weirdness & Mutations

You are immune to sickness and miasma.
Your stone body is resilient. (AC +4)
You are immune to poison.
You resist negative energy. (rN+)
You are resistant to electric shocks. (rElec)
You are resistant to unholy torment.
You are immune to petrification.


Message History

You burn the black bear. The black bear bites you.
* * * LOW HITPOINT WARNING * * *
You block the black bear's attack.
The black bear claws you but does no damage.
The black bear barely misses you.
The black bear claws you but does no damage. x2
Your Fighting skill increases to level 4!
The black bear attacks as you move away!
The black bear bites you but does no damage.
The black bear claws you but does no damage. x2
The black bear rages.
The black bear bites you but does no damage.
The black bear claws you but does no damage. x2
Things that are here:
a +0 dagger; a +0 chain mail; a wand of mindburst (6)
As you read the scroll labelled USON SIFAESK, it crumbles to dust.
Magic quickly surges around you.
It was a scroll of vulnerability.
The black bear bites you but does no damage.
The black bear closely misses you.
The black bear claws you but does no damage.
As you read the scroll labelled QUZEOW QIUD, it crumbles to dust.
You feel strangely unstable.
It was a scroll of teleportation.
The black bear barely misses you.
The black bear claws you but does no damage. x2
The black bear bites you but does no damage.
The black bear claws you but does no damage. x2
The black bear bites you but does no damage.
The black bear claws you but does no damage. x2
The black bear attacks as you move away!
The black bear bites you but does no damage.
The black bear claws you but does no damage.
The black bear claws you.
* * * LOW HITPOINT WARNING * * *
The black bear attacks as you move away!
The black bear bites you!
* * * LOW HITPOINT WARNING * * *
The black bear claws you but does no damage.
The black bear barely misses you.
Found a bloodstained altar of Trog.
The black bear bites you.
You die...

## ##.# ####
####...###..##
##....>.......####
..............##.##
..............#...#
....#........h)h@.#
.#...........#..#...#
.#...........#.##....#
..............## .....#
......................#
..............##..PP..#
............### ._...#
.............# ....##
.......#......#


You could see 2 black bears.

Vanquished Creatures
  A hound (D:3)
  Ijyb (D:4)
  4 adders
  2 dart slugs (D:1)
  2 orcs (D:3)
  5 bats
  5 endoplasms
  3 goblins
  7 hobgoblins
  7 kobolds
  3 quokkas
  6 ball pythons
  2 frilled lizards
  A rat (D:1)
49 creatures vanquished.

Notes
Turn   | Place    | Note
-------+----------+-------------------------------------------
     0 | D:1      | bande the Gargoyle Fighter began the quest for the Orb.
     0 | D:1      | Reached XP level 1. HP: 14/14 MP: 1/1
   486 | D:1      | Found a faded altar of an unknown god.
   513 | D:1      | Reached XP level 2. HP: 19/19 MP: 2/2
  1143 | D:2      | Reached XP level 3. HP: 23/23 MP: 3/3
  1893 | D:3      | Reached XP level 4. HP: 24/29 MP: 4/4
  2144 | D:3      | Found a blossoming altar of Fedhas.
  2407 | D:4      | Reached XP level 5. HP: 33/33 MP: 5/5
  2413 | D:4      | Noticed a black bear
  2413 | D:4      | Noticed Ijyb
  2419 | D:4      | Noticed a black bear
  2424 | D:4      | Killed Ijyb
  2428 | D:4      | HP: 1/33 [black bear (4)]
  2429 | D:4      | Found a bloodstained altar of Trog.
  2429 | D:4      | Slain by a black bear

Illustrated notes

Levels and vault maps discovered:
D:1:      shiori_arrival_maze, layout_basic, ebering_ecumenical_altar_rust,
          minivault_26
D:2:      layout_basic
D:3:      layout_basic, fedhas_altar_2
D:4:      layout_cave_pools, nemelex_xobeh_ov_fountains_minmay,
          trog_ov_bears_minmay, uniq_ijyb

Skill      XL: |  1  2  3  4  5 |
---------------+----------------+-----
Axes           | 2 3 |  3.4
Armour         | 4 |  4.3
Fighting       | 4 |  4.0
Shields        | |  3.8

Action                   |  1- 3 |  4- 6 || total
-------------------------+-------+-------++-------
Melee: War axe           |   101 |    49 ||   150
  Use: Scroll            |     3 |     2 ||     5
       Potion            |       |     2 ||     2
Armor: Chain mail        |    65 |       ||    65
       Scale mail        |     3 |       ||     3
       Plate armour      |       |    81 ||    81
Dodge: Dodged            |    48 |    22 ||    70
Block: Buckler           |    26 |    15 ||    41

Table legend: (Time is in decaauts)
 A = Elapsed time spent in this place.
 B = Non-inter-level travel time spent in this place.
 C = Inter-level travel time spent in this place.
 D = Time resting spent in this place.
 E = Time spent auto-exploring this place.
 F = Levels seen in this place.
 G = Mean time per level.
                   A        B        C        D        E       F      G
               +--------+--------+--------+--------+--------+-----+--------+
         Total |   2490 |   2441 |     49 |      0 |   1970 |   4 |  622.5 |
       Dungeon |   2490 |   2441 |     49 |      0 |   1970 |   4 |  622.5 |
               +--------+--------+--------+--------+--------+-----+--------+

Top non-repeatable levels by time:
     D:1: 1161 daAuts
     D:3: 619 daAuts
     D:2: 616 daAuts
     D:4: 93 daAuts
